 Dungeon Crawl Stone Soup version 0.30.1 (webtiles) character file.

Game seed: 8069953303328326894

70 croobank the Sneak (level 4, -6/31 HPs)
             Began as an Octopode Delver on July 3, 2023.
             Mangled by Natasha (8 damage)
             ... on level 3 of the Dungeon.
             The game lasted 00:05:10 (1859 turns).

croobank the Sneak (Octopode Delver)                Turns: 1859, Time: 00:05:10

Health: -6/31      AC:  0    Str: 11    XL:     4   Next: 21%
Magic:  4/4        EV: 14    Int: 14    God:
Gold:   135        SH:  0    Dex: 13    Spells: 3/3 levels left

rFire   . . .        a - melded +0 dagger
rCold   . . .        (shield currently unavailable)
rNeg    . . .        (helmet currently unavailable)
rPois   .            (no amulet)
rElec   .            (ring currently unavailable)
rCorr   .            (ring currently unavailable)
SInv    .            (ring currently unavailable)
Will    .....        (ring currently unavailable)
Stlth   +++          (ring currently unavailable)
HPRegen 0.25/turn    (ring currently unavailable)
MPRegen 0.09/turn    (ring currently unavailable)
                     (ring currently unavailable)

%: no passive effects
@: pig-form (expiring), very quick
A: fast, no casting, almost no armour, (amphibious), (8 rings), small,
(camouflage 1), (gelatinous body 1), (nimble swimmer 1), (tentacles)
a: no special abilities


You were on level 3 of the Dungeon.
You were a filthy swine.
You visited 1 branch of the dungeon, and saw 6 of its levels.

You collected 171 gold pieces.
You spent 36 gold pieces at shops.

Inventory:

Hand Weapons
 a - a +0 dagger (melded)
 b - a +0 sling
 h - a +0 hand axe
 t - the +3 short sword of No Interval {antimagic, rElec Int-4 Dex+4}
   (You found it on level 2 of the Dungeon)

   Int:       It affects your intelligence (-4).
   Dex:       It affects your dexterity (+4).
   rElec:     It insulates you from electricity.
Jewellery
 n - a +4 ring of protection
 u - a +6 ring of intelligence
Wands
 f - a wand of digging (3)
Scrolls
 c - 2 scrolls of magic mapping
 d - a scroll of fear
 i - a scroll of vulnerability {unknown}
 j - a scroll of noise {unknown}
 k - 2 scrolls of teleportation {unknown}
 l - 3 scrolls of blinking {unknown}
 o - 4 scrolls of enchant armour {unknown}
 p - 2 scrolls of immolation {unknown}
 q - 2 scrolls of fog
 s - a scroll of enchant weapon {unknown}
 w - a scroll of poison {unknown}
 x - a scroll of identify {unknown}
Potions
 e - a potion of haste
 g - 2 potions of degeneration {unknown}
 m - 4 potions of curing {unknown}
 r - a potion of attraction
 v - 2 potions of flight {unknown}
 z - a potion of heal wounds {unknown}


   Skills:
 + Level 3.5 Fighting
 - Level 2.6 Axes
 + Level 2.7 Dodging
 + Level 7.2 Stealth
 + Level 0.1 Spellcasting


You had 3 spell levels left.
You didn't know any spells.
Your spell library contained the following spells:

 Spells                   Type           Power      Damage    Failure   Level
 Summon Small Mammal      Summ           0%         N/A       28%         1
 Call Canine Familiar     Summ           0%         N/A       65%         3
 Summon Guardian Golem    Hex/Summ       0%         N/A       65%         3
 Anguish                  Hex/Necr       0%         N/A       96%         4
 Cause Fear               Hex            0%         N/A       96%         4
 Enfeeble                 Hex            0%         N/A       100%        7


Dungeon Overview and Level Annotations

Branches:
Dungeon (6/15)
 Temple: D:4-7

Altars:

Shops:
D:1 :*([   D:4 !

Annotations:
D:3 Natasha


Innate Abilities, Weirdness & Mutations

You are a filthy swine.
You move quickly.
Your equipment is almost entirely melded.
You are incapable of wielding weapons or throwing items.
You cannot cast spells.
You cannot wear most types of armour.
((You are amphibious.))
((You can wear up to eight rings at the same time.))
((Your skin changes colour to match your surroundings (Stealth+).))
((Your rubbery body absorbs attacks. (AC +1, EV +1)))
((You are camouflaged when in or above water. (Stealth+)))
((You have tentacles for arms and can constrict up to eight enemies at once.))


Message History

Natasha is moderately wounded.
Natasha barely misses you.
You miss Natasha.
Natasha is moderately wounded.
Natasha closely misses you.
You hit Natasha.
Natasha is heavily wounded.
Natasha casts a spell at you. The magic dart hits you.
You closely miss Natasha.
Natasha is heavily wounded.
Natasha barely misses you.
You hit Natasha.
Natasha is heavily wounded.
Natasha claws you.
You closely miss Natasha.
Natasha is heavily wounded.
Natasha barely misses you.
You hit Natasha.
Natasha is severely wounded.
Natasha mumbles some strange words.
You closely miss Natasha.
Natasha is severely wounded.
Natasha stares at you and mumbles some strange words.
You resist with some effort.
You closely miss Natasha.
Natasha is severely wounded.
The cerulean imp hits you from afar with a +0 spear.
Natasha claws you!
You hit Natasha.
Natasha is almost dead.
The cerulean imp misses you. Natasha casts a spell at you.
The magic dart hits you!
* * * LOW HITPOINT WARNING * * *
You barely miss Natasha.
Natasha is almost dead.
Your transformation is almost over.
The cerulean imp barely misses you. Natasha claws you!
You die...

### #.. #.# #### #.#
... ######.##.#
#.........##
#.####.#...##
########.## #..hh5.#
#.........# #.#......#
#.######..#
#.......... #..#
####.###### ####..# .#
# #.....# ##'## .
#.###.# ##...## #.
#.###.###.# ##.....##
# #.
#.........###.......##
##.#.###


You could see Natasha and a cerulean imp (summoned).

Vanquished Creatures
  2 adders
  2 dart slugs (D:2)
  3 ball pythons
  6 endoplasms
  5 giant cockroaches
  3 goblins
  5 hobgoblins
  3 jackals (D:2)
  A quokka (D:1)
  5 bats
  3 frilled lizards (D:1)
  A kobold (D:1)
  5 rats
44 creatures vanquished.

Notes
Turn   | Place    | Note
-------+----------+-------------------------------------------
     0 | D:5      | croobank the Octopode Delver began the quest for the Orb.
     0 | D:5      | Reached XP level 1. HP: 16/16 MP: 1/1
    62 | D:4      | Found Dukiap's Distillery.
   177 | D:3      | Noticed Natasha
   178 | D:3      | Noticed a cerulean imp
   227 | D:1      | Found Laecurox's Antique Armour Boutique.
   260 | D:1      | Reached XP level 2. HP: 13/21 MP: 2/2
   652 | D:1      | Found Seci Peho's Book Emporium.
   763 | D:1      | Reached XP level 3. HP: 26/26 MP: 3/3
   796 | D:1      | Found Xocka's General Store.
   804 | D:1      | Bought a potion of attraction for 36 gold pieces
   940 | D:1      | Found Japnus's Weapon Boutique.
  1139 | D:2      | Identified the +3 short sword of No Interval {antimagic,
                  | rElec Int-4 Dex+4}
  1165 | D:2      | Reached skill level 7 in Stealth
  1437 | D:2      | Reached XP level 4. HP: 31/31 MP: 4/4
  1858 | D:3      | HP: 1/31 [Natasha/magic dart (10)]
  1859 | D:3      | Mangled by Natasha

Illustrated notes

Levels and vault maps discovered:
D:1:      spicycebolla_arrival_clurvy, layout_basic, serial_shops,
          nicolae_shop_waterfront, nicolae_shop_bloodbath_and_beyond,
          nicolae_shop_just_a_little_nook, nicolae_shop_trees
D:2:      layout_basic
D:3:      layout_loops_corners, uniq_natasha
D:4:      layout_loops_ring, lemuel_doored_altar, serial_shops, shop,
          grunt_ministairs_8, chequers_serial_rivers_room_b, uniq_edmund
D:5:      layout_loops_cross, okawaru_gym_becter, lemuel_tele_altar,
          mainiacjoe_overflow_paths
D:6:      layout_cave_pods, amcnicky_altar_gilded, gammafunk_ghost_nasty_kobolds

Skill      XL: |  1  2  3 |
---------------+----------+-----
Stealth        | 7 |  7.2
Fighting       | |  3.5
Axes           | |  2.6
Dodging        | |  2.7
Spellcasting   | |  0.1

Action                     |  1- 3 |  4- 6 || total
---------------------------+-------+-------++-------
  Melee: Dagger            |    73 |    12 ||    85
         Constrict         |    15 |     2 ||    17
         Hand axe          |     3 |       ||     3
         Tentacles         |    14 |     2 ||    16
         Unarmed           |       |    13 ||    13
         Punch             |       |     1 ||     1
   Stab: Sleeping          |    11 |     3 ||    14
         Distracted        |     1 |       ||     1
 Armour: Skin              |     4 |     1 ||     5
  Dodge: Dodged            |    54 |    12 ||    66
